 Dungeon Sprint DCSS version 0.19.5 (webtiles) character file.

268 Snowbourne the Jinx (level 6, -1/28 HPs)
             Began as a Spriggan Enchanter on May 12, 2017.
             Slain by a necrophage (5 damage)
             ... in the Dungeon (Sprint II: "The Violet Keep of Menkaure").
             The game lasted 00:00:50 (53 turns).

Snowbourne the Jinx (Spriggan Enchanter)              Turns: 53, Time: 00:00:51

Health: -1/28      AC:  3    Str:  4    XL:     6   Next: 0%
Magic:  11/11      EV: 18    Int: 19    God:
Gold:   0          SH:  0    Dex: 16    Spells: 1 memorised, 9 levels left

rFire  . . .     SeeInvis +     a - +1 dagger
rCold  . . .     Gourm    .     b - +1 robe
rNeg   . . .     Faith    .     (shield restricted)
rPois  .         Spirit   .     (helmet restricted)
rElec  .         Reflect  .     (no cloak)
rCorr  .         Harm     .     (gloves unavailable)
MR     +....     NoTele   +     (boots unavailable)
Stlth  +++++.....               (no amulet)
                                (no ring)
                                (no ring)

@: exhausted, slowed, quick
A: unfitting armour, see invisible, herbivore 3, speed 3, slow metabolism 2
a: no special abilities


You were in the Dungeon.
You were not hungry.

You visited 1 branch

Inventory:

Hand Weapons
 a - a +1 dagger (weapon)
Armour
 b - a +1 robe (worn)
Scrolls
 j - a scroll of blinking
Potions
 g - a potion of haste
 h - 2 potions of magic
Books
 c - a book of Maledictions

   Spells                             Type                      Level
   a - Corona                         Hexes                        1
   b - Ensorcelled Hibernation        Hexes/Ice                    2
   c - Confuse                        Hexes                        3
   d - Tukima's Dance                 Hexes                        3
   e - Dazzling Spray                 Conjuration/Hexes            3
Comestibles
 d - a bread ration


   Skills:
 - Level 1.1 Short Blades
 - Level 3.0 Dodging
 + Level 11.7 Stealth
 - Level 2.6 Spellcasting
 * Level 12.3 Hexes


You had 9 spell levels left.
You knew the following spells:

 Your Spells              Type           Power        Failure   Level  Hunger
a - Corona                Hex            #####..      1%          1    None


Dungeon Overview and Level Annotations

Branches:
Dungeon (1/1)

Altars:


Innate Abilities, Weirdness & Mutations

You are very small and have problems with some larger weapons.
You are too small for most types of armour.
You have supernaturally acute eyesight. (SInv)
You are a herbivore.
You cover ground extremely quickly.
You need consume almost no food.


Message History

The necrophage is severely damaged.
The necrophage misses you.
You closely miss the necrophage.
The necrophage is severely damaged.
The necrophage barely misses you. x2
You hit the necrophage.
The necrophage is severely damaged.
The necrophage hits you.
* * * LOW HITPOINT WARNING * * *
You feel your flesh rotting away!
You hit the necrophage but do no damage.
The necrophage is severely damaged.
The necrophage hits you.
* * * LOW HITPOINT WARNING * * *
The necrophage completely misses you.
You hit the necrophage but do no damage.
The necrophage is severely damaged.
The necrophage closely misses you.
You feel better. The necrophage completely misses you. The necrophage hits you.
You die...

###
###
a. aa
a#.
#+#
##@##
+.n.+
##.##
#†#
.$.
..#..
##.
.##
## ##


You could see a necrophage.

Vanquished Creatures
  3 necrophages (D)
3 creatures vanquished.

Vanquished Creatures (others)
  A crocodile (D)
1 creature vanquished.

Grand Total: 4 creatures vanquished

Notes
Turn   | Place    | Note
-------+----------+-------------------------------------------
     0 | D        | Snowbourne the Spriggan Enchanter began the quest for the Orb.
     0 | D        | Reached XP level 1. HP: 9/9 MP: 5/5
     1 | D        | Noticed a worker ant
     1 | D        | Noticed a worker ant
     1 | D        | Noticed a worker ant
     1 | D        | Noticed a worker ant
     5 | D        | Noticed a necrophage
     5 | D        | Noticed a necrophage
     5 | D        | Noticed a necrophage
     5 | D        | Noticed a necrophage
    12 | D        | Killed a necrophage
    12 | D        | Reached skill level 9 in Hexes
    12 | D        | Reached XP level 2. HP: 13/13 MP: 6/6
    12 | D        | Reached XP level 3. HP: 16/16 MP: 8/8
    12 | D        | Reached XP level 4. HP: 21/21 MP: 9/9
    18 | D        | Killed a necrophage
    18 | D        | Reached skill level 10 in Stealth
    18 | D        | Reached skill level 11 in Hexes
    18 | D        | Reached XP level 5. HP: 24/24 MP: 10/10
    23 | D        | Killed a necrophage
    23 | D        | Reached skill level 12 in Hexes
    23 | D        | Reached XP level 6. HP: 25/28 MP: 11/11
    51 | D        | HP: 1/25 [necrophage (1)]
    53 | D        | Slain by a necrophage

Skill      XL: |  1  2  3  4  5 |
---------------+----------------+-----
Stealth        | 8 10 11 | 11.7
Hexes          | 9 11 12 | 12.3
Short Blades   | |  1.1
Dodging        | |  3.0
Spellcasting   | |  2.6

Action                   |  1- 3 |  4- 6 || total
-------------------------+-------+-------++-------
Melee: Dagger            |     6 |    36 ||    42
  Use: Potion            |     1 |     2 ||     3
Armor: Robe              |       |     3 ||     3
Dodge: Dodged            |     3 |    23 ||    26
